 Dungeon Crawl Stone Soup version 0.31-a0-1308-ga3cce3a448 (webtiles) character file.

Game seed: 15043716290400955335

2986 Fodor the Cleaver (level 9, -19/78 HPs)
             Began as a Minotaur Fighter on Dec 19, 2023.
             Was an Initiate of Gozag.
             Killed from afar by a deep elf zephyrmancer (28 damage)
             ... with a bolt of lightning
             ... in a bailey.
             The game lasted 00:31:40 (5869 turns).

Fodor the Cleaver (Minotaur Fighter)                Turns: 5869, Time: 00:31:41

Health: -19/78     AC: 18    Str: 25    XL:     9   Next: 53%
Magic:  8/8        EV:  8    Int:  5    God:    Gozag
Gold:   522        SH:  0    Dex: 10    Spells: 8/8 levels left

rFire   . . .        K - +0 battleaxe
rCold   . . .        (shield currently unavailable)
rNeg    . . .        u - +0 plate armour
rPois   .            (helmet restricted)
rElec   .            o - +2 cloak
rCorr   +            (no gloves)
SInv    .            s - +0 pair of boots
Will    .....        j - amulet of the acrobat Stlth
                     r - ring of resist corrosion
HPRegen 0.33/turn    I - ring of flight
MPRegen 0.11/turn

%: acrobat
@: mighty, flying
A: horns 2, retaliatory headbutt
a: Renounce Religion, Potion Petition, Call Merchant, Bribe Branch


You were in a bailey.
You worshipped Gozag.
Gozag was pleased with you.
You visited 2 branches of the dungeon, and saw 8 of its levels.
You also visited: Bailey.

You collected 645 gold pieces.
You paid 123 gold pieces to Gozag.

Inventory:

Hand Weapons
 a - a +0 war axe
 K - a +0 battleaxe (weapon)
Missiles
 p - 8 boomerangs (quivered)
Armour
 c - a +0 buckler
 h - a scarf of invisibility
 o - a +2 cloak (worn)
 s - a +0 pair of boots (worn)
 u - a +0 plate armour (worn)
 B - a scarf of resistance
Jewellery
 j - an amulet of the acrobat (around neck)
 r - a ring of resist corrosion (left hand)
 I - a ring of flight (right hand)
Talismans
 C - a flux talisman
Wands
 x - a wand of acid (6)
 H - a wand of charming (7)
Scrolls
 f - a scroll of acquirement {unknown}
 g - 7 scrolls of identify {unknown}
 k - 2 scrolls of blinking {unknown}
 n - 2 scrolls of enchant armour {unknown}
 t - a scroll of noise {unknown}
 v - a scroll of fog {unknown}
 y - 2 scrolls of revelation {unknown}
 A - a scroll of enchant weapon {unknown}
 D - a scroll of teleportation {unknown}
 E - 2 scrolls of immolation {unknown}
 L - a scroll of vulnerability {unknown}
Potions
 b - a potion of ambrosia {unknown}
 d - a potion of might
 e - a potion of curing
 i - 5 potions of heal wounds {unknown}
 l - a potion of resistance {unknown}
 m - a potion of enlightenment {unknown}
 q - a potion of haste {unknown}
 w - a potion of invisibility {unknown}
 z - 2 potions of magic {unknown}
 F - 2 potions of mutation {unknown}
 G - a potion of brilliance {unknown}
 J - a potion of lignification {unknown}


   Skills:
 + Level 6.7 Fighting
 + Level 11.4 Axes
 + Level 3.4 Throwing
 + Level 7.5 Armour
 + Level 2.3 Dodging
 + Level 1.6 Stealth
 + Level 5.4 Shields
 + Level 0.1 Evocations


You had 8 spell levels left.
You didn't know any spells.
Your spell library contained the following spells:

 Spells                   Type           Power      Damage    Failure   Level
 Kiss of Death            Conj/Necr      0%         2d5       100%        1
 Summon Small Mammal      Summ           0%         N/A       100%        1
 Ensorcelled Hibernation  Hex/Ice        0%         N/A       100%        2
 Passwall                 Tmut/Erth      0%         N/A       100%        2
 Call Canine Familiar     Summ           0%         N/A       100%        3
 Confusing Touch          Hex            0%         N/A       100%        3
 Summon Guardian Golem    Hex/Summ       0%         N/A       100%        3
 Swiftness                Air            0%         N/A       100%        3
 Dispel Undead            Necr           0%         3d6       100%        4
 Vhi's Electric Charge    Tloc/Air       0%         N/A       100%        4
 Arcjolt                  Conj/Air       0%         1d10      100%        5
 Maxwell's Capacitive Co  Air            0%         ∞         100%        8


Dungeon Overview and Level Annotations

Branches:
Dungeon (7/15)             Temple (1/1) D:6          Bailey (1/1)

Altars:
Ashenzari
Cheibriados
Dithmenos
Elyvilon
Fedhas
Gozag
Hepliaklqana
Kikubaaqudgha
Nemelex Xobeh
Okawaru
Qazlal
Sif Muna
Uskayaw
Vehumet
Wu Jian
Xom
Yredelemnul
Zin
The Shining One

Shops:
D:2 [   D:3 =   D:7 *


Innate Abilities, Weirdness & Mutations

You have a pair of horns on your head.
You reflexively headbutt those who attack you in melee.


Message History

The deep elf zephyrmancer gestures at you while chanting.
The bolt of lightning hits you!
The deep elf zephyrmancer casts a spell at you.
The bolt of lightning misses you.
You closely miss the deep elf zephyrmancer.
The deep elf zephyrmancer is moderately wounded.
The deep elf zephyrmancer gestures wildly while chanting.
The deep elf zephyrmancer blinks!
The deep elf zephyrmancer points at you and mumbles some strange words.
The bolt of lightning misses you. The bolt of lightning hits you!!
The deep elf zephyrmancer gestures wildly while chanting.
The deep elf zephyrmancer blinks!
The deep elf zephyrmancer gestures at you while chanting.
The bolt of lightning hits you!
You see here a metallic amethyst potion.
You see here a purple potion.
You see here a purple potion.
You see here a purple potion.
You slice the deep elf zephyrmancer!!
Your headbutt misses the deep elf zephyrmancer.
The deep elf zephyrmancer is severely wounded.
The deep elf zephyrmancer barely misses you.
You hit the deep elf zephyrmancer but do no damage.
The deep elf zephyrmancer is severely wounded.
The deep elf zephyrmancer casts a spell at you.
The bolt of lightning misses you.
You closely miss the deep elf zephyrmancer.
You headbutt the deep elf zephyrmancer, but do no damage.
The deep elf zephyrmancer is severely wounded.
The deep elf zephyrmancer hits you with a +0 long sword!
You closely miss the deep elf zephyrmancer.
The deep elf zephyrmancer is severely wounded.
The deep elf zephyrmancer points at you and mumbles some strange words.
The bolt of lightning hits you!!
* * * LOW HITPOINT WARNING * * *
You feel very mighty all of a sudden.
The deep elf zephyrmancer points at you and mumbles some strange words.
The bolt of lightning hits you!!
You die...
Your body crumbles into a pile of gold.

♣..≈≈≈≈≈..♣# ####
####..≈≈≈≈...#
#..##########..#..≈≈≈≈≈..#
#..............#..)≈≈≈≈...
##............##.).≈≈≈≈..♣
#..########..#..))≈≈≈≈..♣
#.8##...:##8)#...######..
#..#...e!$#..#...........
#..'..##@$#..'...........
#..'..##!!#..'...........
#..#....)[#..#...........
#.8##...|##8)#...######..
#..########..#....≈≈≈≈...
##.........)).##.♣.≈≈≈≈..♣
#..........).).#...≈≈≈≈...
#..##########..#..♣≈≈≈≈..♣
#### ####..♣≈≈≈≈≈..


You could see a deep elf zephyrmancer.

Vanquished Creatures
  3 water moccasins
  4 ice beasts
  6 orc warriors (Bailey)
  A black bear (D:6)
  2 ogres
  A phantom (D:6)
  A gnoll sergeant (D:6)
  2 scorpions
  3 wights (D:6)
  A howler monkey (D:5)
  2 jellies
  4 hounds
  An orc priest (D:5)
  3 sleepcaps
  2 orc wizards
  2 iguanas
  8 adders
  5 gnolls (D:6)
  2 white imps
  2 ufetubi (D:6)
  A dart slug (D:5)
  2 worms
  24 orcs
  5 ball pythons
  8 bats
  6 endoplasms
  6 giant cockroaches
  11 goblins
  7 hobgoblins
  4 jackals
  4 kobolds
  3 quokkas
  A frilled lizard (D:1)
  2 rats (D:2)
139 creatures vanquished.

Vanquished Creatures (others)
  An orc knight (Bailey)
1 creature vanquished.

Grand Total: 140 creatures vanquished

Notes
Turn   | Place    | Note
-------+----------+-------------------------------------------
     0 | D:1      | Fodor the Minotaur Fighter began the quest for the Orb.
     0 | D:1      | Reached XP level 1. HP: 19/19 MP: 0/0
   149 | D:1      | Found a faded altar of an unknown god.
   344 | D:1      | Reached XP level 2. HP: 27/27 MP: 1/1
   884 | D:2      | Reached XP level 3. HP: 33/33 MP: 2/2
   981 | D:2      | Found Ukeush's Antique Armour Shoppe.
  1001 | D:2      | Reached skill level 3 in Axes
  1472 | D:3      | Reached XP level 4. HP: 39/40 MP: 3/3
  1551 | D:3      | Reached skill level 4 in Axes
  1933 | D:3      | Found a snail-covered altar of Cheibriados.
  1940 | D:3      | Found a shimmering blue altar of Sif Muna.
  1945 | D:3      | Found a blossoming altar of Fedhas.
  2211 | D:3      | Found Iraiff's Jewellery Shop.
  2261 | D:4      | Found an iron altar of Okawaru.
  2284 | D:4      | Noticed a scorpion
  2290 | D:4      | Killed a scorpion
  2291 | D:4      | Reached skill level 5 in Axes
  2291 | D:4      | Reached XP level 5. HP: 47/47 MP: 4/4
  2487 | D:4      | Noticed an ogre
  2493 | D:4      | Killed an ogre
  2494 | D:4      | Reached skill level 1 in Dodging
  2494 | D:4      | Reached XP level 6. HP: 37/53 MP: 5/5
  2767 | D:5      | Entered Level 5 of the Dungeon
  2782 | D:5      | Noticed a water moccasin
  2797 | D:5      | Killed a water moccasin
  2798 | D:5      | Reached skill level 6 in Axes
  2798 | D:5      | Reached skill level 5 in Armour
  3028 | D:5      | Noticed an ice beast
  3030 | D:5      | Reached skill level 7 in Axes
  3036 | D:5      | Killed an ice beast
  3037 | D:5      | Reached XP level 7. HP: 60/60 MP: 6/6
  3064 | D:5      | Reached skill level 5 in Fighting
  3344 | D:5      | Reached skill level 8 in Axes
  3531 | D:5      | Reached skill level 1 in Stealth
  3987 | D:6      | Reached XP level 8. HP: 61/69 MP: 7/7
  4007 | D:6      | Reached skill level 9 in Axes
  4051 | D:6      | Reached skill level 5 in Shields
  4283 | D:6      | Found a staircase to the Ecumenical Temple.
  4312 | Temple   | Entered the Ecumenical Temple
  4336 | Temple   | Became a worshipper of Gozag Ym Sagoz the Greedy
  4487 | D:6      | Reached skill level 10 in Axes
  4846 | D:6      | Reached XP level 9. HP: 75/75 MP: 8/8
  5193 | D:7      | Found Zin's Purification Station.
  5196 | D:7      | Found a glowing silver altar of Zin.
  5206 | D:7      | Found a flagged portal.
  5236 | Bailey   | Entered a bailey
  5289 | Bailey   | Noticed an orc knight
  5350 | Bailey   | Reached skill level 11 in Axes
  5350 | Bailey   | Reached skill level 1 in Throwing
  5589 | Bailey   | Found a large runed translucent door.
  5589 | Bailey   | Found a large runed translucent door.
  5806 | Bailey   | Noticed a deep elf zephyrmancer
  5869 | Bailey   | Killed from afar by a deep elf zephyrmancer

Illustrated notes

Levels and vault maps discovered:
D:1:      dpeg_arrival_another_circle, layout_loops_cross,
          shapermc_ecumenical_altar_mp_urbaneastern
D:2:      layout_rooms, serial_shops, shop, serial_rivers,
          chequers_serial_rivers_micro_e, chequers_serial_rivers_micro_a,
          chequers_serial_rivers_micro_d, chequers_serial_rivers_small_a,
          chequers_serial_rivers_large_b, minmay_hedge_maze
D:3:      layout_loops_ring, grunt_temple_overflow_diamond, serial_shops,
          nicolae_shop_back_alley_shop
D:4:      layout_basic, okawaru_gym_becter
D:5:      layout_cave_pods, minmay_pentangle
D:6:      layout_basic, minmay_temple_entry_butterflies,
          chequers_serial_rivers_micro_a
D:7:      layout_gridville, lemuel_doored_altar, zin_purify,
          makhleb_blood_cavern_becter, old_standard_altar, enter_bailey_5,
          uniq_maggie, uniq_pikel
Temple:   minmay_temple_curvy_branch
Bailey:   bailey_polearm_elven_captive_hellmonk, bailey

Skill      XL: |  1  2  3  4  5  6  7  8  9 |
---------------+----------------------------+-----
Fighting       | 4 5 6 |  6.7
Armour         | 4 5 6 7 |  7.5
Axes           | 3 5 7 8 10 11 | 11.4
Shields        | 4 5 |  5.4
Dodging        | 1 2 |  2.3
Stealth        | 1 |  1.6
Throwing       | 3 |  3.4
Evocations     | |  0.1

Action                     |  1- 3 |  4- 6 |  7- 9 || total
---------------------------+-------+-------+-------++-------
  Melee: War axe           |    77 |    72 |    89 ||   238
         Headbutt          |     8 |     7 |    46 ||    61
         Battleaxe         |       |       |   102 ||   102
  Throw: Boomerang         |       |       |    38 ||    38
  Evoke: Wand              |       |       |     1 ||     1
    Use: Potion            |       |       |     5 ||     5
 Armour: Scale mail        |    57 |       |       ||    57
         Chain mail        |    22 |     6 |       ||    28
         Plate armour      |       |    40 |   201 ||   241
  Dodge: Dodged            |    59 |    40 |   156 ||   255
  Block: Buckler           |    23 |    17 |    19 ||    59

Table legend: (Time is in decaauts)
 A = Elapsed time spent in this place.
 B = Non-inter-level travel time spent in this place.
 C = Inter-level travel time spent in this place.
 D = Time resting spent in this place.
 E = Time spent auto-exploring this place.
 F = Levels seen in this place.
 G = Mean time per level.
                   A        B        C        D        E       F      G
               +--------+--------+--------+--------+--------+-----+--------+
         Total |   5993 |   5865 |    128 |    709 |      0 |   9 |  665.9 |
       Dungeon |   5295 |   5167 |    128 |    378 |      0 |   7 |  756.4 |
        Temple |     47 |     47 |      0 |      0 |      0 |   1 |   47.0 |
        Bailey |    649 |    649 |      0 |    331 |      0 |   1 |  649.0 |
               +--------+--------+--------+--------+--------+-----+--------+

Top non-repeatable levels by time:
     D:6: 1305 daAuts
     D:5: 1061 daAuts
     D:1: 880 daAuts
     D:3: 865 daAuts
  Bailey: 649 daAuts
     D:2: 575 daAuts
     D:4: 525 daAuts
     D:7: 83 daAuts
  Temple: 47 daAuts
